 Dungeon Crawl Stone Soup version 0.30-a0-394-g3e4acdb0ae (webtiles) character file.

Game seed: 16345232286757679291

676 Pooter the Chopper (level 7, -1/61 HPs)
             Began as a Minotaur Fighter on Dec 6, 2022.
             Slain by a hound (5 damage)
             ... on level 5 of the Dungeon on Dec 7, 2022.
             The game lasted 00:15:10 (3040 turns).

Pooter the Chopper (Minotaur Fighter)               Turns: 3040, Time: 00:15:10

Health: -1/61      AC:  6    Str: 23    XL:     7   Next: 33%
Magic:  6/6        EV:  7    Int:  5    God:
Gold:   163        SH:  4    Dex:  9    Spells: 6/6 levels left

rFire   + . .      SeeInvis .    b - +0 sling
rCold   . . .      Faith    .    c - +0 buckler
rNeg    . . .      Spirit   .    r - +0 chain mail {rF+}
rPois   .          Reflect  .    (helmet restricted)
rElec   .          Harm     .    (no cloak)
rCorr   .          Rampage  .    h - +0 pair of gloves
Will    .....                    (no boots)
Stlth   ..........               (no amulet)
HPRegen 0.30/turn                (no ring)
MPRegen 0.10/turn                (no ring)

@: corroded
A: horns 2, retaliatory headbutt
a: no special abilities


You were on level 5 of the Dungeon.
You visited 1 branch of the dungeon, and saw 5 of its levels.

You collected 261 gold pieces.
You spent 98 gold pieces at shops.

Inventory:

Hand Weapons
 a - a +0 war axe of electrocution
 b - a +0 sling (weapon)
   (You found it on level 2 of the Dungeon)
 m - a +0 morningstar
   (You took it off an orc on level 3 of the Dungeon)
 p - a +0 trident
   (You took it off an orc on level 3 of the Dungeon)
Missiles
 i - 3 poisoned darts
 w - 3 boomerangs
 Q - 30 stones
Armour
 c - a +0 buckler (worn)
 h - a +0 pair of gloves (worn)
   (You found it on level 2 of the Dungeon)
 r - a +0 chain mail of fire resistance (worn)
   (You found it on level 4 of the Dungeon)
Scrolls
 e - 2 scrolls of fear
 f - a scroll of noise {!r}
 g - 2 scrolls of amnesia
 l - a scroll of blinking
 q - a scroll of vulnerability {!r}
 t - a scroll of teleportation {@r4}
Potions
 d - 2 potions of mutation {unknown}
 j - 3 potions of ambrosia {unknown}
 k - 2 potions of haste {unknown}
 s - a potion of berserk rage {unknown}
 u - a potion of curing {unknown}
 v - a potion of cancellation {unknown}


   Skills:
 + Level 5.5 Fighting
 * Level 6.4 Axes
 * Level 4.1 Ranged Weapons
 - Level 3.6 Armour
 + Level 2.8 Stealth
 - Level 3.6 Shields


You had 6 spell levels left.
You didn't know any spells.
Your spell library contained the following spells:

 Spells                   Type           Power      Damage    Failure   Level
 Beastly Appendage        Tmut           0%         N/A       99%         1
 Sublimation of Blood     Necr           0%         N/A       100%        2
 Wereblood                Tmut           0%         N/A       100%        2
 Spider Form              Tmut/Pois      0%         N/A       100%        3
 Petrify                  Tmut/Erth      0%         N/A       100%        4
 Irradiate                Conj/Tmut      0%         3d11      100%        5
 Yara's Violent Unravell  Hex/Tmut       0%         3d3       100%        5
 Enfeeble                 Hex            0%         N/A       100%        7


Dungeon Overview and Level Annotations

Branches:
Dungeon (5/15)
 Temple: D:4-7

Altars:

Shops:
D:4 *

Annotations:
D:5 Ijyb


Innate Abilities, Weirdness & Mutations

You have a pair of horns on your head.
You reflexively headbutt those who attack you in melee.


Message History

A phantom comes into view.
You shoot a sling bullet.
The sling bullet completely misses Ijyb.
Ijyb hits you with a +0 club.
A hound comes into view.
Ijyb hits you but does no damage.
You shoot a sling bullet. The sling bullet hits Ijyb.
Ijyb is no longer blind.
Ijyb hits you but does no damage.
You shoot a sling bullet. The sling bullet barely misses Ijyb.
Ijyb hits you but does no damage. The jelly hits you but does no damage.
Ijyb hits you with a +0 club. You block the orc's attack.
You block the jelly's attack. x2
You shoot a sling bullet. The sling bullet barely misses Ijyb.
The hound bites you but does no damage.
Ijyb zaps a wand.
The puff of flame hits you but does no damage.
You block the jelly's attack. The jelly hits you but does no damage.
The orc hits you with a +0 war axe.
An orc comes into view. It is wielding a +0 mace.
There are monsters nearby!
Unknown command.
You shoot a sling bullet. The sling bullet hits the jelly.
The hound bites you but does no damage. Ijyb hits you with a +0 club.
The phantom hits you but does no damage.
The orc hits you with a +0 war axe! The hound bites you.
The jelly hits you but does no damage. x2; Ijyb hits you with a +0 club.
The orc closely misses you. You furiously retaliate!
You headbutt the orc. The phantom barely misses you. You furiously retaliate!
You headbutt the phantom. The jelly hits you but does no damage.
The hound bites you but does no damage. The jelly hits you but does no damage.
You shoot a sling bullet. The sling bullet hits the jelly.
You block the hound's attack. Ijyb closely misses you. You furiously retaliate!
You headbutt Ijyb! You block the phantom's attack. The jelly hits you.
The acid corrodes you!
You are splashed with acid!
* * * LOW HITPOINT WARNING * * *
The orc hits you with a +0 war axe.
* * * LOW HITPOINT WARNING * * *
The jelly hits you but does no damage. The hound bites you.
* * * LOW HITPOINT WARNING * * *
You shoot a sling bullet. The sling bullet hits the jelly.
The hound bites you.
* * * LOW HITPOINT WARNING * * *
Ijyb hits you but does no damage. You block the phantom's attack.
The jelly barely misses you. The orc hits you with a +0 war axe.
* * * LOW HITPOINT WARNING * * *
The jelly hits you.
* * * LOW HITPOINT WARNING * * *
You are splashed with acid!
* * * LOW HITPOINT WARNING * * *
The hound bites you.
You die...

#......## ... #........
.#... #.......###...#.
#.........#.....
##.....#........#.
##......#....o.... ...
...[...[........#.#...
.........JJh....#....
..........@o....#..## .
..........gW........#..
..........(............
....................#
#...##.##...........##
... ##.# #.
#.......#.#..#.... #.
.. ##(.....###..#....
## ##......#........
###...............


You could see a phantom, Ijyb, a hound, 2 jellies and 2 orcs.

Vanquished Creatures
  Pikel (D:5)
  A phantom (D:4)
  A lemure (D:5)
  A hound (D:4)
  An adder (D:3)
  A worm (D:4)
  A dart slug (D:3)
  15 orcs
  4 ball pythons
  5 endoplasms
  2 giant cockroaches
  6 goblins
  8 hobgoblins
  3 quokkas
  6 bats
  5 frilled lizards
  10 kobolds
  6 rats
77 creatures vanquished.

Notes
Turn   | Place    | Note
-------+----------+-------------------------------------------
     0 | D:1      | Pooter the Minotaur Fighter began the quest for the Orb.
     0 | D:1      | Reached XP level 1. HP: 19/19 MP: 0/0
   225 | D:1      | Reached skill level 3 in Axes
   225 | D:1      | Reached XP level 2. HP: 27/27 MP: 1/1
   776 | D:2      | Reached skill level 1 in Stealth
   798 | D:2      | Reached XP level 3. HP: 33/33 MP: 2/2
  1498 | D:3      | Reached skill level 4 in Axes
  1716 | D:3      | Reached XP level 4. HP: 40/40 MP: 3/3
  2175 | D:4      | Noticed a phantom
  2185 | D:4      | Killed a phantom
  2186 | D:4      | Reached skill level 1 in Ranged Weapons
  2186 | D:4      | Reached XP level 5. HP: 45/47 MP: 4/4
  2486 | D:4      | Found Yliatzio's Assorted Antiques.
  2495 | D:4      | Bought a smoky clear potion for 23 gold pieces
  2495 | D:4      | Bought a scroll of identify for 52 gold pieces
  2495 | D:4      | Bought a smoky dark potion for 23 gold pieces
  2615 | D:4      | Reached skill level 5 in Axes
  2752 | D:5      | Entered Level 5 of the Dungeon
  2752 | D:5      | Noticed Pikel
  2752 | D:5      | Noticed a lemure
  2752 | D:5      | Noticed a lemure
  2752 | D:5      | Noticed a lemure
  2753 | D:5      | Noticed a lemure
  2757 | D:5      | Killed a lemure
  2759 | D:5      | Killed Pikel
  2760 | D:5      | Reached skill level 5 in Fighting
  2760 | D:5      | Reached skill level 6 in Axes
  2760 | D:5      | Reached XP level 6. HP: 23/56 MP: 5/5
  2760 | D:5      | Reached XP level 7. HP: 25/61 MP: 6/6
  2901 | D:5      | Noticed Ijyb
  3040 | D:5      | Slain by a hound

Illustrated notes

Levels and vault maps discovered:
D:1:      lightli_arrival_windingriver, layout_basic, minmay_misc_feat_square,
          minmay_pentomino_p2
D:2:      layout_loops_ring
D:3:      wad_river_or_something, layout_basic, grunt_decor_fettered,
          kennysheep_cross_bottleneck
D:4:      layout_loops_ring, serial_shops, shop
D:5:      layout_cave_pools, grunt_temple_overflow_gold_and_silver,
          jmf_multi_god_temple, amcnicky_altar_gilded,
          nicolae_overflow_hidden_temple, minmay_temple_entry_sparse_star,
          serial_shops, shop, uniq_ijyb, uniq_pikel

Skill      XL: |  1  2  3  4  5 |
---------------+----------------+-----
Axes           | 3 4 6 |  6.4
Fighting       | 4 5 |  5.5
Stealth        | 1 2 |  2.8
Ranged Weapons | 1 4 |  4.1
Armour         | |  3.6
Shields        | |  3.6

Action                   |  1- 3 |  4- 6 |  7- 9 || total
-------------------------+-------+-------+-------++-------
Melee: War axe           |    75 |    54 |       ||   129
       Headbutt          |    10 |     6 |       ||    16
 Fire: Sling             |    41 |     7 |     7 ||    55
Throw: Stone             |       |     4 |       ||     4
       Dart              |       |     1 |     2 ||     3
  Use: Scroll            |     4 |     4 |     1 ||     9
       Potion            |       |     1 |       ||     1
Armor: Scale mail        |    38 |     1 |       ||    39
       Chain mail        |       |    31 |    17 ||    48
Dodge: Dodged            |    44 |    20 |     4 ||    68
Block: Buckler           |    20 |    14 |     7 ||    41

Table legend: (Time is in decaauts)
 A = Elapsed time spent in this place.
 B = Non-inter-level travel time spent in this place.
 C = Inter-level travel time spent in this place.
 D = Time resting spent in this place.
 E = Time spent auto-exploring this place.
 F = Levels seen in this place.
 G = Mean time per level.
                   A        B        C        D        E       F      G
               +--------+--------+--------+--------+--------+-----+--------+
         Total |   3113 |   3048 |     65 |    331 |   2108 |   5 |  622.6 |
       Dungeon |   3113 |   3048 |     65 |    331 |   2108 |   5 |  622.6 |
               +--------+--------+--------+--------+--------+-----+--------+

Top non-repeatable levels by time:
     D:4: 867 daAuts
     D:3: 759 daAuts
     D:2: 671 daAuts
     D:1: 640 daAuts
     D:5: 174 daAuts
